| TOP OF THE 1ST |
|
Scranton WB RailRiders batting - Pitching for Round Rock Express : RHP Danny Walker
|
|
Pitching: RHP Danny Walker
|
|
|
Batting: RHB Sean Neuroth
|
0-0: Ball 1-0: Ball 2-0: Called Strike 2-1: Ground out 5-3 (Groundball, 56, EV 97.5 MPH)
|
|
Batting: RHB Russ Shambaugh
|
0-0: Ball 1-0: Called Strike 1-1: Ball 2-1: Foul Ball, location: 2F 2-2: Ball 3-2: Fly out, F9 (Flyball, 9LM, EV 104.4 MPH)
|
|
Batting: RHB Jeremy Lewis
|
0-0: Ball 1-0: Ball 2-0: Foul Ball, location: 2F 2-1: Fly out, F6 (Popup, 6, EV 58.1 MPH)
|
| Top of the 1st over - 0 runs, 0 hits, 0 errors, 0 left on base; Scranton WB 0 - Round Rock 0 |
| BOTTOM OF THE 1ST |
|
Round Rock Express batting - Pitching for Scranton WB RailRiders : RHP Bao-qing Bu
|
|
Pitching: RHP Bao-qing Bu
|
|
|
Batting: LHB Pauli Gassinger
|
0-0: Called Strike 0-1: Ball 1-1: Fly out, F9 (Line Drive, 9, EV 85.0 MPH)
|
|
Batting: SHB David Simpson
|
0-0: Ball 1-0: Ball 2-0: Called Strike 2-1: Ball 3-1: Foul Ball, location: 2F 3-2: Fly out, F6 (Popup, 6M, EV 56.9 MPH)
|
|
Batting: LHB Gabriel Graves
|
0-0: Ball 1-0: Swinging Strike 1-1: Ground out 4-3 (Groundball, 4, EV 81.2 MPH)
|
| Bottom of the 1st over - 0 runs, 0 hits, 0 errors, 0 left on base; Scranton WB 0 - Round Rock 0 |
| TOP OF THE 2ND |
|
Scranton WB RailRiders batting - Pitching for Round Rock Express : RHP Danny Walker
|
|
Batting: SHB Cristiano Serrão
|
0-0: Ball 1-0: Foul Ball, location: 2F 1-1: Ground out U3 (Groundball, 34S, EV 86.2 MPH)
|
|
Batting: RHB Scott King
|
0-0: Called Strike 0-1: Ball 1-1: Foul Ball, location: 2F 1-2: Ball 2-2: SINGLE (Groundball, 4MS, EV 73.1 MPH) (infield hit)
|
|
Batting: LHB Kazuyoshi Nakamura
|
0-0: TRIPLE (Flyball, 9LD, EV 98.8 MPH) Scott King scores
|
|
Batting: RHB Luis Balderas
|
0-0: Fly out, F9 (Flyball, 9S, EV 83.8 MPH)
|
|
Batting: RHB Jarrod Joyce
|
0-0: Called Strike 0-1: Foul Ball, location: 2F 0-2: Ball 1-2: Ground out 4-3 (Groundball, 6MD, EV 103.1 MPH)
|
| Top of the 2nd over - 1 run, 2 hits, 0 errors, 1 left on base; Scranton WB 1 - Round Rock 0 |
| BOTTOM OF THE 2ND |
|
Round Rock Express batting - Pitching for Scranton WB RailRiders : RHP Bao-qing Bu
|
|
Batting: LHB Jeff Densmore
|
0-0: Foul Ball, location: 2F 0-1: Called Strike 0-2: Strikes out swinging
|
|
Batting: RHB Dale Aubrey
|
0-0: Ball 1-0: SINGLE (Groundball, P, EV 85.0 MPH) (infield hit)
|
|
Batting: RHB Jimmy Hammertime
|
0-0: Reached on error, E5 (Groundball, 56, EV 103.1 MPH) Dale Aubrey to second
|
|
Batting: RHB Aaron Graham
|
0-0: Foul Ball, location: 2F 0-1: Fly out, F9 (Flyball, 9, EV 87.5 MPH)
|
|
Batting: SHB Johnny Stables
|
0-0: Ball 1-0: Foul Ball, location: 2F 1-1: Foul Ball, location: 2F 1-2: Ground out 4-3 (Groundball, 4, EV 101.2 MPH)
|
| Bottom of the 2nd over - 0 runs, 1 hit, 1 error, 2 left on base; Scranton WB 1 - Round Rock 0 |
| TOP OF THE 3RD |
|
Scranton WB RailRiders batting - Pitching for Round Rock Express : RHP Danny Walker
|
|
Batting: RHB Ryan Alban
|
0-0: Called Strike 0-1: Ball 1-1: Ball 2-1: Ground out 4-3 (Groundball, 4M, EV 104.4 MPH)
|
|
Batting: RHB Sean Neuroth
|
0-0: Ball 1-0: Called Strike 1-1: Called Strike 1-2: Ball 2-2: Ball 3-2: Foul Ball, location: 2F 3-2: Fly out, F9 (Line Drive, 9, EV 99.4 MPH)
|
|
Batting: RHB Russ Shambaugh
|
0-0: Ball 1-0: Ball 2-0: Called Strike 2-1: SINGLE (Groundball, 6MS, EV 74.4 MPH) (infield hit)
|
|
Batting: RHB Jeremy Lewis
|
0-0: Called Strike Russ Shambaugh steals 2nd base 0-1: Fly out, F3 (Popup, 3F, EV 66.2 MPH)
|
| Top of the 3rd over - 0 runs, 1 hit, 0 errors, 1 left on base; Scranton WB 1 - Round Rock 0 |
| BOTTOM OF THE 3RD |
|
Round Rock Express batting - Pitching for Scranton WB RailRiders : RHP Bao-qing Bu
|
|
Batting: RHB Luke Stark
|
0-0: Called Strike 0-1: Called Strike 0-2: Ball 1-2: Strikes out swinging
|
|
Batting: LHB Pauli Gassinger
|
0-0: Ball 1-0: Ground out U3 (Groundball, 3S, EV 87.5 MPH)
|
|
Batting: SHB David Simpson
|
0-0: Ball 1-0: Called Strike 1-1: Ball 2-1: Fly out, F9 (Flyball, 9, EV 85.6 MPH)
|
| Bottom of the 3rd over - 0 runs, 0 hits, 0 errors, 0 left on base; Scranton WB 1 - Round Rock 0 |
| TOP OF THE 4TH |
|
Scranton WB RailRiders batting - Pitching for Round Rock Express : RHP Danny Walker
|
|
Batting: SHB Cristiano Serrão
|
0-0: Foul Ball, location: 2F 0-1: Ball 1-1: Foul Ball, location: 2F 1-2: Ball 2-2: Foul Ball, location: 2F 2-2: SINGLE (Groundball, 25, EV 65.0 MPH) (infield hit)
|
|
Batting: RHB Scott King
|
0-0: Called Strike 0-1: Ball Cristiano Serrão is caught stealing 2nd base 2-4 1-1: Ball 2-1: Ball 3-1: Base on Balls
|
|
Batting: LHB Kazuyoshi Nakamura
|
0-0: Foul Ball, location: 2F 0-1: Called Strike 0-2: DOUBLE (Line Drive, 78M, EV 88.8 MPH) Scott King to third
|
|
Batting: RHB Luis Balderas
|
0-0: Called Strike 0-1: Ball 1-1: Called Strike 1-2: Ball 2-2: SINGLE (Line Drive, 8LS, EV 102.5 MPH) Scott King scores Kazuyoshi Nakamura to third Runner from 3rd tries for Home, SAFE, throw by CF to home
|
|
Batting: RHB Jarrod Joyce
|
0-0: Called Strike 0-1: Swinging Strike 0-2: Strikes out looking
|
|
Batting: RHB Ryan Alban
|
0-0: Ball 1-0: Fly out, F7 (Flyball, 7S, EV 80.0 MPH)
|
| Top of the 4th over - 2 runs, 3 hits, 0 errors, 1 left on base; Scranton WB 3 - Round Rock 0 |
| BOTTOM OF THE 4TH |
|
Round Rock Express batting - Pitching for Scranton WB RailRiders : RHP Bao-qing Bu
|
|
Batting: LHB Gabriel Graves
|
0-0: Called Strike 0-1: Called Strike 0-2: Foul Ball, location: 2F 0-2: Ground out 1-3 (Groundball, 13S, EV 72.5 MPH)
|
|
Batting: LHB Jeff Densmore
|
0-0: Ball 1-0: Ball 2-0: Ball 3-0: Foul Ball, location: 2F 3-1: Foul Ball, location: 2F 3-2: Foul Ball, location: 2F 3-2: DOUBLE (Line Drive, 5D, EV 95.6 MPH)
|
|
Batting: RHB Dale Aubrey
|
0-0: Foul Ball, location: 2F 0-1: Foul Ball, location: 2F 0-2: Ball 1-2: Strikes out swinging
|
|
Batting: RHB Jimmy Hammertime
|
0-0: Ball 1-0: Foul Ball, location: 2F 1-1: SINGLE (Groundball, 4MD, EV 95.0 MPH) Jeff Densmore to third Runner from 3rd tries for Home, throw by CF and OUT! 8-2
|
| Bottom of the 4th over - 0 runs, 2 hits, 0 errors, 1 left on base; Scranton WB 3 - Round Rock 0 |
| TOP OF THE 5TH |
|
Scranton WB RailRiders batting - Pitching for Round Rock Express : RHP Danny Walker
|
|
Batting: RHB Sean Neuroth
|
0-0: Called Strike 0-1: Ball 1-1: Foul Ball, location: 2F 1-2: Ground out U3 (Groundball, 3, EV 105.6 MPH)
|
|
Batting: RHB Russ Shambaugh
|
0-0: Called Strike 0-1: Fly out, F8 (Flyball, 8RD, EV 96.9 MPH)
|
|
Batting: RHB Jeremy Lewis
|
0-0: Ball 1-0: Ball 2-0: Called Strike 2-1: Ball 3-1: Base on Balls
|
|
Batting: SHB Cristiano Serrão
|
0-0: Foul Ball, location: 2F 0-1: Ball 1-1: Foul Ball, location: 2F 1-2: Ball 2-2: Strikes out looking
|
| Top of the 5th over - 0 runs, 0 hits, 0 errors, 1 left on base; Scranton WB 3 - Round Rock 0 |
| BOTTOM OF THE 5TH |
|
Round Rock Express batting - Pitching for Scranton WB RailRiders : RHP Bao-qing Bu
|
|
Batting: RHB Aaron Graham
|
0-0: Ball 1-0: Foul Ball, location: 2F 1-1: SINGLE (Flyball, 6MD, EV 94.4 MPH)
|
|
Batting: SHB Johnny Stables
|
Pickoff Throw to First - Error! E1 Aaron Graham to second 0-0: Foul Ball, location: 2F 0-1: Ball 1-1: Ball 2-1: Ground out 6-3 (Groundball, 6S, EV 66.2 MPH) Aaron Graham to third
|
|
Batting: RHB Luke Stark
|
0-0: Ground out 5-3 (Groundball, 56, EV 90.6 MPH) Aaron Graham scores
|
|
Batting: LHB Pauli Gassinger
|
0-0: Called Strike 0-1: Called Strike 0-2: Ball 1-2: Strikes out swinging
|
| Bottom of the 5th over - 1 run, 1 hit, 1 error, 0 left on base; Scranton WB 3 - Round Rock 1 |
| TOP OF THE 6TH |
|
Scranton WB RailRiders batting - Pitching for Round Rock Express : RHP Danny Walker
|
|
Batting: RHB Scott King
|
0-0: Ball 1-0: Ball 2-0: Fly out, F9 (Flyball, 9D, EV 95.0 MPH)
|
|
Batting: LHB Kazuyoshi Nakamura
|
0-0: Ball 1-0: Ball 2-0: Ball 3-0: Base on Balls
|
|
Batting: RHB Luis Balderas
|
0-0: Called Strike 0-1: Ball 1-1: Called Strike 1-2: SINGLE (Line Drive, 89S, EV 99.4 MPH) Kazuyoshi Nakamura to second Runner from 2nd tries for 3rd, OUT! 9-5
|
|
Batting: RHB Jarrod Joyce
|
0-0: Called Strike 0-1: Ball 1-1: DOUBLE (Line Drive, 3D, EV 105.0 MPH) Luis Balderas to third Runner from 3rd tries for Home, SAFE, throw by RF to home
|
|
Batting: RHB Ryan Alban
|
0-0: Swinging Strike 0-1: Ball Wild Pitch! Jarrod Joyce to third 1-1: Ball 2-1: Ground out 6-3 (Groundball, 6, EV 80.6 MPH)
|
| Top of the 6th over - 1 run, 2 hits, 0 errors, 1 left on base; Scranton WB 4 - Round Rock 1 |
| BOTTOM OF THE 6TH |
|
Round Rock Express batting - Pitching for Scranton WB RailRiders : RHP Bao-qing Bu
|
|
Batting: SHB David Simpson
|
0-0: Foul Ball, location: 2F 0-1: Ball 1-1: Ground out 5-3 (Groundball, 5, EV 88.1 MPH)
|
|
Batting: LHB Gabriel Graves
|
0-0: Called Strike 0-1: Swinging Strike 0-2: Ball 1-2: Ball 2-2: Ground out 6-3 (Groundball, 6, EV 86.2 MPH)
|
|
Batting: LHB Jeff Densmore
|
0-0: Ground out U3 (Groundball, 3L, EV 79.4 MPH)
|
| Bottom of the 6th over - 0 runs, 0 hits, 0 errors, 0 left on base; Scranton WB 4 - Round Rock 1 |
| TOP OF THE 7TH |
|
Scranton WB RailRiders batting - Pitching for Round Rock Express : RHP Danny Walker
|
|
Pitching: LHP Dennis French
|
|
|
Batting: RHB Sean Neuroth
|
0-0: Foul Ball, location: 2F 0-1: Called Strike 0-2: Ball 1-2: Ball 2-2: Ball 3-2: Strikes out looking
|
|
Batting: RHB Russ Shambaugh
|
0-0: Ball 1-0: Called Strike 1-1: DOUBLE (Flyball, 8LD, EV 96.9 MPH)
|
|
Batting: RHB Jeremy Lewis
|
0-0: Swinging Strike 0-1: Ground out 6-3 (Groundball, 6, EV 101.2 MPH)
|
|
Batting: SHB Cristiano Serrão
|
0-0: Called Strike 0-1: Called Strike 0-2: Ground out 6-3 (Groundball, 56, EV 78.1 MPH)
|
| Top of the 7th over - 0 runs, 1 hit, 0 errors, 1 left on base; Scranton WB 4 - Round Rock 1 |
| BOTTOM OF THE 7TH |
|
Round Rock Express batting - Pitching for Scranton WB RailRiders : RHP Bao-qing Bu
|
|
Batting: RHB Dale Aubrey
|
0-0: Ball 1-0: Ball 2-0: Foul Ball, location: 2F 2-1: Fly out, F8 (Flyball, 8LD, EV 103.1 MPH)
|
|
Batting: RHB Jimmy Hammertime
|
0-0: Called Strike 0-1: Foul Ball, location: 2F 0-2: Fly out, F8 (Line Drive, 8RM, EV 90.0 MPH)
|
|
Batting: RHB Aaron Graham
|
0-0: Called Strike 0-1: Ball 1-1: Foul Ball, location: 2F 1-2: Foul Ball, location: 2F 1-2: Ball 2-2: Foul Ball, location: 2F 2-2: SINGLE (Groundball, 6MD, EV 102.5 MPH) (infield hit)
|
|
Batting: SHB Johnny Stables
|
0-0: Ball 1-0: Foul Ball, location: 2F 1-1: Ball 2-1: Ball 3-1: Base on Balls Aaron Graham to second
|
|
Batting: RHB Luke Stark
|
0-0: Called Strike 0-1: Swinging Strike 0-2: SINGLE (Groundball, 6D, EV 100.6 MPH) Aaron Graham to third Johnny Stables to second Runner from 3rd tries for Home, SAFE, throw by CF to home
|
|
Batting: LHB Pauli Gassinger
|
0-0: DOUBLE (Line Drive, 8LXD, EV 105.0 MPH) Johnny Stables scores Luke Stark to third
|
|
Batting: SHB David Simpson
|
0-0: Ball 1-0: Called Strike 1-1: Ball 2-1: Fly out, F8 (Flyball, 89S, EV 86.2 MPH)
|
| Bottom of the 7th over - 2 runs, 3 hits, 0 errors, 2 left on base; Scranton WB 4 - Round Rock 3 |
| TOP OF THE 8TH |
|
Scranton WB RailRiders batting - Pitching for Round Rock Express : LHP Dennis French
|
|
Batting: RHB Scott King
|
0-0: Swinging Strike 0-1: Foul Ball, location: 7LSF, Error on foul ball, E7 0-2: Ball 1-2: Ball 2-2: Fly out, F4 (Popup, 3S, EV 77.5 MPH)
|
|
Batting: LHB Kazuyoshi Nakamura
|
0-0: Ball 1-0: Foul Ball, location: 2F 1-1: Ball 2-1: Foul Ball, location: 2F 2-2: Strikes out looking
|
|
Batting: RHB Luis Balderas
|
0-0: Called Strike 0-1: SINGLE (Line Drive, 4D, EV 97.5 MPH)
|
|
Batting: RHB Jarrod Joyce
|
0-0: Ball 1-0: Fly out, F7 (Flyball, 7LM, EV 95.0 MPH)
|
| Top of the 8th over - 0 runs, 1 hit, 1 error, 1 left on base; Scranton WB 4 - Round Rock 3 |
| BOTTOM OF THE 8TH |
|
Round Rock Express batting - Pitching for Scranton WB RailRiders : RHP Bao-qing Bu
|
|
Batting: LHB Gabriel Graves
|
0-0: Ball 1-0: Ball 2-0: Ball 3-0: Called Strike 3-1: Swinging Strike 3-2: Foul Ball, location: 2F 3-2: Fly out, F8 (Flyball, 8LM, EV 80.0 MPH)
|
|
Pitching: RHP Tom Kelley
|
|
|
Batting: LHB Jeff Densmore
|
0-0: Ball 1-0: Ball 2-0: Called Strike 2-1: Ball 3-1: Base on Balls
|
|
Pinch Hitting: LHB Grant Johnson
|
0-0: Foul Ball, location: 2F 0-1: Called Strike 0-2: Ball 1-2: Ball 2-2: Foul Ball, location: 2F 2-2: SINGLE (Line Drive, 89S, EV 105.0 MPH) Jeff Densmore to second Runner from 2nd tries for 3rd, SAFE, throw by RF made to third
|
|
Batting: RHB Jimmy Hammertime
|
0-0: Ball 1-0: Fly out, F8 (Flyball, 89D, EV 100.0 MPH)
|
|
Batting: RHB Aaron Graham
|
0-0: Ball 1-0: Ball 2-0: Ball 3-0: Called Strike 3-1: Ground out 4-3 (Groundball, 4, EV 96.2 MPH)
|
| Bottom of the 8th over - 0 runs, 1 hit, 0 errors, 2 left on base; Scranton WB 4 - Round Rock 3 |
| TOP OF THE 9TH |
|
Scranton WB RailRiders batting - Pitching for Round Rock Express : LHP Dennis French
|
|
Pitching: LHP Melvin Fonseca
|
|
|
Now in LF: Grant Johnson
|
|
|
Now in RF: Pauli Gassinger
|
|
|
Batting: RHB Ryan Alban
|
0-0: Swinging Strike 0-1: Ball 1-1: Foul Ball, location: 2F 1-2: Ball 2-2: Foul Ball, location: 2F 2-2: Foul Ball, location: 2F 2-2: Ball 3-2: Foul Ball, location: 2F 3-2: Fly out, F9 (Flyball, 89D, EV 88.8 MPH)
|
|
Batting: RHB Sean Neuroth
|
0-0: Ball 1-0: Ball 2-0: Called Strike 2-1: Swinging Strike 2-2: Ball 3-2: Fly out, F8 (Flyball, 8RXD, EV 95.6 MPH)
|
|
Batting: RHB Russ Shambaugh
|
0-0: Ball 1-0: Swinging Strike 1-1: Ball 2-1: Foul Ball, location: 2F 2-2: Ball 3-2: Strikes out swinging
|
| Top of the 9th over - 0 runs, 0 hits, 0 errors, 0 left on base; Scranton WB 4 - Round Rock 3 |
| BOTTOM OF THE 9TH |
|
Round Rock Express batting - Pitching for Scranton WB RailRiders : RHP Tom Kelley
|
|
Pitching: RHP Mike Amos
|
|
|
Batting: SHB Johnny Stables
|
0-0: Ball 1-0: Swinging Strike 1-1: Foul Ball, location: 2F 1-2: Foul Ball, location: 2F 1-2: Foul Ball, location: 2F 1-2: Ball 2-2: Ball 3-2: Reached on error, E4 (Groundball, 4, EV 88.8 MPH)
|
|
Batting: RHB Luke Stark
|
0-0: Bunted foul 0-1: Bunted foul 0-2: Ball 1-2: Strikes out looking
|
|
Batting: LHB Pauli Gassinger
|
0-0: Fly out, F4 (Popup, 4S, EV 68.8 MPH)
|
|
Batting: SHB David Simpson
|
0-0: Ball 1-0: Ball 2-0: Ball 3-0: Called Strike 3-1: Foul Ball, location: 2F 3-2: Reached on error, E2 (Groundball, 13S, EV 63.8 MPH) Johnny Stables to second
|
|
Batting: LHB Gabriel Graves
|
0-0: Ball Wild Pitch! Johnny Stables to third David Simpson to second 1-0: Swinging Strike 1-1: Ball 2-1: Ball 3-1: Foul Ball, location: 2F 3-2: Base on Balls
|
|
Batting: LHB Jeff Densmore
|
0-0: Foul Ball, location: 2F 0-1: SINGLE (Flyball, 89S, EV 95.0 MPH) Johnny Stables scores David Simpson to third Gabriel Graves to second
|
|
Batting: LHB Grant Johnson
|
0-0: Ball 1-0: Swinging Strike 1-1: Called Strike 1-2: Ground out 5-3 (Groundball, 56S, EV 84.4 MPH)
|
| Bottom of the 9th over - 1 run, 1 hit, 2 errors, 3 left on base; Scranton WB 4 - Round Rock 4 |
| TOP OF THE 10TH |
|
Scranton WB RailRiders batting - Pitching for Round Rock Express : LHP Melvin Fonseca
|
|
Pitching: LHP Joe Duckworth
|
|
|
Batting: RHB Jeremy Lewis
|
0-0: Ball 1-0: Foul Ball, location: 2F 1-1: Called Strike 1-2: Ball 2-2: Foul Ball, location: 2F 2-2: Foul Ball, location: 2F 2-2: Ball 3-2: Fly out, F7 (Flyball, 78S, EV 69.4 MPH)
|
|
Batting: SHB Cristiano Serrão
|
0-0: Foul Ball, location: 2F 0-1: Ball 1-1: Foul Ball, location: 2F 1-2: Ball 2-2: Strikes out swinging
|
|
Batting: RHB Scott King
|
0-0: Called Strike 0-1: Ball 1-1: Swinging Strike 1-2: Strikes out swinging
|
| Top of the 10th over - 0 runs, 0 hits, 0 errors, 0 left on base; Scranton WB 4 - Round Rock 4 |
| BOTTOM OF THE 10TH |
|
Round Rock Express batting - Pitching for Scranton WB RailRiders : RHP Mike Amos
|
|
Batting: RHB Jimmy Hammertime
|
0-0: Ball 1-0: Called Strike 1-1: Fly out, F9 (Flyball, 9S, EV 85.0 MPH)
|
|
Batting: RHB Aaron Graham
|
0-0: Called Strike 0-1: Ball 1-1: Called Strike 1-2: Ball 2-2: Foul Ball, location: 2F 2-2: Ball 3-2: Foul Ball, location: 2F 3-2: Foul Ball, location: 2F 3-2: Ground out U3 (Groundball, 34S, EV 85.6 MPH)
|
|
Batting: SHB Johnny Stables
|
0-0: Called Strike 0-1: Foul Ball, location: 2F 0-2: Ball 1-2: Foul Ball, location: 2F 1-2: Strikes out swinging
|
| Bottom of the 10th over - 0 runs, 0 hits, 0 errors, 0 left on base; Scranton WB 4 - Round Rock 4 |
| TOP OF THE 11TH |
|
Scranton WB RailRiders batting - Pitching for Round Rock Express : LHP Joe Duckworth
|
|
Pinch Hitting: RHB Pat Bernier
|
0-0: Ball 1-0: Ball 2-0: Ball 3-0: Base on Balls
|
|
Pitching: RHP Luis Guerrero
|
|
|
Batting: RHB Luis Balderas
|
0-0: Fly out, F4 (Popup, 4, EV 75.0 MPH)
|
|
Batting: RHB Jarrod Joyce
|
0-0: Foul Ball, location: 2F 0-1: Called Strike 0-2: Foul Ball, location: 2F 0-2: Ball 1-2: Ball Pat Bernier steals 2nd base 2-2: Foul Ball, location: 2F 2-2: Strikes out looking
|
|
Batting: RHB Ryan Alban
|
0-0: Ball 1-0: Foul Ball, location: 2F 1-1: Foul Ball, location: 2F 1-2: Strikes out looking
|
| Top of the 11th over - 0 runs, 0 hits, 0 errors, 1 left on base; Scranton WB 4 - Round Rock 4 |
| BOTTOM OF THE 11TH |
|
Round Rock Express batting - Pitching for Scranton WB RailRiders : RHP Mike Amos
|
|
Pitching: RHP Justin Byrne
|
|
|
Now in LF: Willie Childs
|
|
|
Batting: RHB Luke Stark
|
0-0: Ball 1-0: Ground out 4-3 (Groundball, 4, EV 85.0 MPH)
|
|
Batting: LHB Pauli Gassinger
|
0-0: Ball 1-0: Ground out 4-3 (Groundball, 4, EV 87.5 MPH)
|
|
Batting: SHB David Simpson
|
0-0: Foul Ball, location: 2F 0-1: Foul Ball, location: 2F 0-2: Ball 1-2: Foul Ball, location: 2F 1-2: Foul Ball, location: 2F 1-2: Ball 2-2: Strikes out swinging
|
| Bottom of the 11th over - 0 runs, 0 hits, 0 errors, 0 left on base; Scranton WB 4 - Round Rock 4 |
| TOP OF THE 12TH |
|
Scranton WB RailRiders batting - Pitching for Round Rock Express : RHP Luis Guerrero
|
|
Batting: RHB Sean Neuroth
|
0-0: Ball 1-0: Ground out 5-3 (Groundball, 56, EV 100.6 MPH)
|
|
Batting: RHB Russ Shambaugh
|
0-0: Called Strike 0-1: Foul Ball, location: 2F 0-2: Strikes out swinging
|
|
Batting: RHB Jeremy Lewis
|
0-0: Swinging Strike 0-1: Foul Ball, location: 2F 0-2: Strikes out swinging
|
| Top of the 12th over - 0 runs, 0 hits, 0 errors, 0 left on base; Scranton WB 4 - Round Rock 4 |
| BOTTOM OF THE 12TH |
|
Round Rock Express batting - Pitching for Scranton WB RailRiders : RHP Justin Byrne
|
|
Batting: LHB Gabriel Graves
|
0-0: Ball 1-0: Fly out, F5 (Popup, 5SF, EV 79.4 MPH)
|
|
Batting: LHB Jeff Densmore
|
0-0: Foul Ball, location: 2F 0-1: Fly out, F2 (Popup, 2LF, EV 91.9 MPH)
|
|
Batting: LHB Grant Johnson
|
0-0: Swinging Strike 0-1: Ball 1-1: Called Strike 1-2: Ground out 1-3 (Groundball, P, EV 70.0 MPH)
|
| Bottom of the 12th over - 0 runs, 0 hits, 0 errors, 0 left on base; Scranton WB 4 - Round Rock 4 |
| TOP OF THE 13TH |
|
Scranton WB RailRiders batting - Pitching for Round Rock Express : RHP Luis Guerrero
|
|
Batting: SHB Cristiano Serrão
|
0-0: Called Strike 0-1: Ball 1-1: Ball 2-1: Fly out, F6 (Popup, 4MD, EV 66.2 MPH)
|
|
Batting: RHB Scott King
|
0-0: Ball 1-0: Called Strike 1-1: Called Strike 1-2: Foul Ball, location: 2F 1-2: Ground out 5-3 (Groundball, 5, EV 88.1 MPH)
|
|
Batting: RHB Willie Childs
|
0-0: Ball 1-0: Ball 2-0: Called Strike 2-1: Swinging Strike 2-2: Strikes out swinging
|
| Top of the 13th over - 0 runs, 0 hits, 0 errors, 0 left on base; Scranton WB 4 - Round Rock 4 |
| BOTTOM OF THE 13TH |
|
Round Rock Express batting - Pitching for Scranton WB RailRiders : RHP Justin Byrne
|
|
Batting: RHB Jimmy Hammertime
|
0-0: Ball 1-0: Foul Ball, location: 2F 1-1: Ground out 6-3 (Groundball, 6, EV 91.9 MPH)
|
|
Batting: RHB Aaron Graham
|
0-0: Ball 1-0: Foul Ball, location: 2F 1-1: Swinging Strike 1-2: Foul Ball, location: 2F 1-2: Ball 2-2: Strikes out swinging
|
|
Pitching: RHP Gary Caldwell
|
|
|
Batting: SHB Johnny Stables
|
0-0: Ball 1-0: Swinging Strike 1-1: Fly out, F8 (Flyball, 8RS, EV 96.2 MPH)
|
| Bottom of the 13th over - 0 runs, 0 hits, 0 errors, 0 left on base; Scranton WB 4 - Round Rock 4 |
| TOP OF THE 14TH |
|
Scranton WB RailRiders batting - Pitching for Round Rock Express : RHP Luis Guerrero
|
|
Batting: RHB Luis Balderas
|
0-0: Swinging Strike 0-1: Called Strike 0-2: Foul Ball, location: 2F 0-2: Foul Ball, location: 2F 0-2: Ground out U3 (Groundball, 3S, EV 90.0 MPH)
|
|
Batting: RHB Jarrod Joyce
|
0-0: Ball 1-0: Called Strike 1-1: Ball 2-1: Called Strike 2-2: Ground out 1-3 (Groundball, 13S, EV 72.5 MPH)
|
|
Batting: RHB Ryan Alban
|
0-0: Foul Ball, location: 2F 0-1: Ball 1-1: Ball 2-1: Foul Ball, location: 2F 2-2: Ball 3-2: Fly out, F7 (Flyball, 7LM, EV 101.2 MPH)
|
| Top of the 14th over - 0 runs, 0 hits, 0 errors, 0 left on base; Scranton WB 4 - Round Rock 4 |
| BOTTOM OF THE 14TH |
|
Round Rock Express batting - Pitching for Scranton WB RailRiders : RHP Gary Caldwell
|
|
Batting: RHB Luke Stark
|
0-0: Called Strike 0-1: Ball 1-1: Called Strike 1-2: Ground out 3-1 (Groundball, 34, EV 86.9 MPH)
|
|
Batting: LHB Pauli Gassinger
|
0-0: SINGLE (Line Drive, 78M, EV 103.1 MPH)
|
|
Batting: SHB David Simpson
|
0-0: Sac Bunt to 2R - play at first, batter OUT! 2-4 Pauli Gassinger to second
|
|
Batting: LHB Gabriel Graves
|
0-0: Ball 1-0: Ball 2-0: SINGLE (Line Drive, 9S, EV 99.4 MPH) Pauli Gassinger to third Runner from 3rd tries for Home, SAFE, throw by RF to home
|
| Bottom of the 14th over - 1 run, 2 hits, 0 errors, 0 left on base; Scranton WB 4 - Round Rock 5 |
| |
|
Game Over ... Round Rock defeats Scranton WB, 5 to 4
|
|
|